 Dungeon Crawl Stone Soup version 0.20.1-1-g8b1a95d (webtiles) character file.

1142 HuneSparrow the Shooter (level 8, 61/61 HPs)
             Began as a Demonspawn Hunter on Aug 11, 2017.
             Quit the game in the Ecumenical Temple on Oct 6, 2017.
             The game lasted 00:18:50 (5253 turns).

HuneSparrow the Shooter (Demonspawn Hunter)         Turns: 5253, Time: 00:18:50

Health: 61/61      AC:  9    Str: 13    XL:     8   Next: 15%
Magic:  8/8        EV: 14    Int: 13    God:
Gold:   260        SH:  0    Dex: 15    Spells: 7/7 levels left

rFire    . . .     SeeInvis .   a - +2 shortbow
rCold    . . .     Gourm    .   (shield currently unavailable)
rNeg     . . .     Faith    .   c - +1 leather armour
rPois    .         Spirit   .   (no helmet)
rElec    .         Reflect  .   (no cloak)
rCorr    .         Harm     .   E - +1 pair of gloves
MR       .....     Rnd*Tele +   (no boots)
Stlth    ++........             i - amulet of inaccuracy (curse)
Regen    0.2/turn               h - +4 ring of slaying
MPRegen  0.2/turn               j - ring of teleportation (curse)

@: no status effects
A: claws 2, icy blue scales 2
a: no special abilities


You were in the Ecumenical Temple.
You were hungry.

You visited 2 branches of the dungeon, and saw 6 of its levels.

You collected 260 gold pieces.

Inventory:

Hand Weapons
 a - a +2 shortbow (weapon)
 b - a +0 short sword
 s - a +0 short sword of venom
Missiles
 D - 9 arrows (quivered)
Armour
 c - a +1 leather armour (worn)
 E - a +1 pair of gloves (worn)
Jewellery
 h - a +4 ring of slaying (left hand)
 i - a cursed amulet of inaccuracy (around neck)
 j - a cursed ring of teleportation (right hand)
 t - an uncursed ring of flight {unknown}
 w - a +5 ring of intelligence {unknown}
 y - an uncursed ring of flight {unknown}
 z - an uncursed amulet of magic regeneration {unknown}
 A - an uncursed amulet of regeneration {unknown}
 B - an uncursed ring of ice {unknown}
Wands
 d - a wand of polymorph (7/24)
Scrolls
 v - 6 scrolls of identify
 x - a scroll of enchant weapon
Potions
 e - a potion of might {unknown}
 g - 2 potions of mutation {unknown}
 k - a potion of curing {unknown}
 l - a potion of flight {unknown}
 m - 3 potions of heal wounds
 n - a potion of degeneration {unknown}
 p - 2 potions of invisibility {unknown}
 u - a potion of agility {unknown}
 G - a potion of brilliance {unknown}
Books
 F - a book of Debilitation

   Spells                             Type                      Level
   a - Corona                         Hexes                        1
   b - Slow                           Hexes                        2
   c - Inner Flame                    Hexes/Fire                   3
   d - Portal Projectile              Hexes/Translocation          3
   e - Cause Fear                     Hexes                        4
   f - Leda's Liquefaction            Hexes/Earth                  4
Comestibles
 f - 2 bread rations
 o - 5 fruits
 q - 4 meat rations
 r - 3 royal jellies
 C - 2 chunks of flesh


   Skills:
 + Level 4.6 Fighting
 * Level 6.6 Bows
 + Level 4.2 Dodging
 + Level 4.3 Stealth


You had 7 spell levels left.
You didn't know any spells.

Dungeon Overview and Level Annotations

Branches:
Dungeon (5/15)             Temple (1/1) D:5

Altars:
Cheibriados
Dithmenos
Elyvilon
Gozag
Hepliaklqana
Kikubaaqudgha
Makhleb
Nemelex Xobeh
Okawaru
Qazlal
Ru
Sif Muna
Trog
Uskayaw
Vehumet
Xom
Yredelemnul
Zin
The Shining One


Innate Abilities, Weirdness & Mutations

You have very sharp fingernails.
You are mostly covered in icy blue scales. (AC +3)


Message History

You climb downwards.
Welcome to the Ecumenical Temple!
Found a snail-covered altar of Cheibriados.
There is a staircase back to the Dungeon here.
Found a sacrificial altar of Ru and a white marble altar of Elyvilon.
Found a shadowy altar of Dithmenos.
Found a hide-covered altar of Uskayaw and a bloodstained altar of Trog.
Found a radiant altar of Vehumet.
There is a radiant altar of Vehumet here.
There is a bloodstained altar of Trog here.
Found an opulent altar of Gozag.
Found a hazy altar of Hepliaklqana.
Found a burning altar of Makhleb.
Found a stormy altar of Qazlal and a deep blue altar of Sif Muna.
You are feeling hungry.
Found a glowing golden altar of the Shining One.
There is a burning altar of Makhleb here.
Saving game... please wait.
Welcome back, HuneSparrow the Demonspawn Hunter.
Press ? for a list of commands and other information.
Are you sure you want to abandon this character and quit the game? (Confirm with "yes".)

≈≈≈≈≈≈≈
≈≈≈≈≈≈≈≈≈≈≈.............
≈≈≈≈≈≈≈.................
≈≈≈≈...................8
≈≈......_...............
≈≈............._........
≈.......................
≈.......................
≈..._..@..._...........<
≈.......................
≈.......................
≈≈............._........
≈≈......_...............
≈≈≈≈..................._
≈≈≈≈≈≈≈.................
≈≈≈≈≈≈≈≈≈≈≈.............
≈≈≈≈≈≈≈≈≈≈≈≈≈≈≈


There were no monsters in sight!

Vanquished Creatures
  The ghost of muxecoid the Digger, a novice FoEE of Cheibriados (D:5)
  An ice beast (D:5)
  A phantom (D:5)
  2 ogres (D:4)
  A scorpion (D:4)
  A howler monkey (D:4)
  An orc priest (D:5)
  Crazy Yiuf (D:3)
  A bullfrog skeleton (D:4)
  An iguana (D:4)
  2 orc wizards (D:5)
  2 worker ants
  2 hound skeletons (D:4)
  Robin (D:3)
  6 adders
  2 oozes (D:2)
  An adder skeleton (D:4)
  2 worms
  2 dart slugs
  4 leopard geckos
  13 orcs
  12 giant cockroaches
  15 goblins
  9 hobgoblins
  4 jackals (D:1)
  4 kobolds
  3 quokkas
  2 ball pythons
  10 bats
  3 frilled lizards
  2 jackal skeletons (D:4)
  25 rats
137 creatures vanquished.

Notes
Turn   | Place    | Note
-------+----------+-------------------------------------------
     0 | D:1      | HuneSparrow the Demonspawn Hunter began the quest for the Orb.
     0 | D:1      | Reached XP level 1. HP: 16/16 MP: 1/1
    28 | D:1      | Reached skill level 1 in Stealth
   171 | D:1      | Gained mutation: You are partially covered in icy blue scales. (AC +2) [demonic ancestry]
   171 | D:1      | Reached XP level 2. HP: 22/22 MP: 2/2
   703 | D:2      | Reached XP level 3. HP: 27/27 MP: 3/3
  1172 | D:2      | Reached skill level 4 in Bows
  1337 | D:3      | Reached XP level 4. HP: 34/34 MP: 4/4
  1473 | D:3      | Noticed Robin
  1676 | D:3      | Killed Robin
  1790 | D:3      | Found a runed door.
  2358 | D:3      | Noticed Crazy Yiuf
  2361 | D:3      | Killed Crazy Yiuf
  2361 | D:3      | Gained mutation: You have sharp fingernails. [demonic ancestry]
  2361 | D:3      | Reached XP level 5. HP: 40/40 MP: 5/5
  2579 | D:4      | Gained mutation: You have very sharp fingernails. [demonic ancestry]
  2579 | D:4      | Reached XP level 6. HP: 47/47 MP: 6/6
  2689 | D:4      | Reached skill level 5 in Bows
  3387 | D:4      | Found a sparkling altar of Nemelex Xobeh.
  3773 | D:5      | Entered Level 5 of the Dungeon
  3835 | D:5      | Found an iron altar of Okawaru.
  3837 | D:5      | Found an ancient bone altar of Kikubaaqudgha.
  3837 | D:5      | Found a basalt altar of Yredelemnul.
  3852 | D:5      | Reached XP level 7. HP: 50/54 MP: 7/7
  3903 | D:5      | Noticed muxecoid's ghost (novice FoEE)
  4200 | D:5      | Found a shimmering altar of Xom.
  4200 | D:5      | Noticed an angel
  4204 | D:5      | Found a glowing silver altar of Zin.
  4478 | D:5      | Killed muxecoid's ghost
  4478 | D:5      | Reached skill level 6 in Bows
  4669 | D:4      | Gained mutation: You are mostly covered in icy blue scales. (AC +3) [demonic ancestry]
  4669 | D:4      | Reached XP level 8. HP: 27/61 MP: 8/8
  5102 | D:5      | Found a staircase to the Ecumenical Temple.
  5197 | Temple   | Entered the Ecumenical Temple
  5253 | Temple   | Quit the game

Skill      XL: |  1  2  3  4  5  6  7 |
---------------+----------------------+-----
Stealth        | 1 2 3 4 |  4.3
Dodging        | 2 3 4 |  4.2
Bows           | 4 5 6 |  6.6
Fighting       | 3 4 |  4.6

Action                   |  1- 3 |  4- 6 |  7- 9 || total
-------------------------+-------+-------+-------++-------
Melee: Short sword       |       |    62 |    75 ||   137
       Shortbow          |       |     2 |       ||     2
 Fire: Shortbow          |    73 |   170 |    48 ||   291
  Use: Scroll            |     4 |     3 |     1 ||     8
 Stab: Sleeping          |       |     1 |       ||     1
  Eat: Chunk             |     1 |     7 |     4 ||    12
       Fruit             |       |       |     1 ||     1
Armor: Leather armour    |     4 |    60 |    32 ||    96
Dodge: Dodged            |    26 |   124 |    66 ||   216
